 Dungeon Crawl Stone Soup version 0.30.0-5-g1a98f26d00 (webtiles) character file.

Game seed: 11303300589809514906

394 jimonade the Covert (level 6, 0/41 HPs)
             Began as an Octopode Brigand on May 11, 2023.
             Splashed by a jelly's acid (1 damage)
             ... on level 6 of the Dungeon.
             The game lasted 00:08:18 (3712 turns).

jimonade the Covert (Octopode Brigand)              Turns: 3712, Time: 00:08:18

Health: 0/41       AC: -19   Str: 11    XL:     6   Next: 82%
Magic:  6/6        EV: 13    Int: 13    God:
Gold:   130        SH:  0    Dex: 15    Spells: 5/5 levels left

rFire   . . .        b - +3 spear "Ziudun" {freeze, rPois rC+ rN+}
rCold   + . .        (no shield)
rNeg    + . .        (helmet restricted)
rPois   +            (no amulet)
rElec   .            (no ring)
rCorr   .            (no ring)
SInv    .            (no ring)
Will    .....        (no ring)
Stlth   +++++        (no ring)
HPRegen 0.26/turn    (no ring)
MPRegen 0.10/turn    (no ring)
                     (no ring)

%: no passive effects
@: corroded
A: almost no armour, amphibious, 8 rings, camouflage 1, gelatinous body 1,
(nimble swimmer 1), tentacles
a: no special abilities


You were on level 6 of the Dungeon.
You visited 1 branch of the dungeon, and saw 5 of its levels.
You also visited: Sewer.

You collected 130 gold pieces.

Inventory:

Hand Weapons
 a - a +2 dagger
 b - the +3 spear "Ziudun" (weapon) {freeze, rPois rC+ rN+}
   (You found it on level 3 of the Dungeon)

   rC:        It protects you from cold.
   rPois:     It protects you from poison.
   rN:        It protects you from negative energy.
 i - a +0 rapier
 s - a +0 hand axe
 w - a +0 war axe
 x - a +1 heavy mace
 y - a +0 longbow
 C - a +0 quarterstaff
Missiles
 c - 3 curare-tipped darts
 q - 17 poisoned darts (quivered)
Magical Staves
 p - a staff of air
Wands
 n - a wand of roots (8)
Scrolls
 f - a scroll of fog
 g - 2 scrolls of teleportation
 j - a scroll of blinking
 o - a scroll of fear {unknown}
 u - a scroll of noise {unknown}
 v - 3 scrolls of identify
 A - 2 scrolls of silence {unknown}
 B - a scroll of vulnerability {unknown}
Potions
 d - a potion of ambrosia {unknown}
 e - a potion of mutation {unknown}
 h - 4 potions of curing {unknown}
 k - a potion of degeneration {unknown}
 l - 5 potions of flight {unknown}
 m - a potion of cancellation {unknown}
 r - 4 potions of lignification {unknown}
 t - a potion of invisibility {unknown}
 z - 2 potions of magic {unknown}
 D - 2 potions of haste {unknown}
 E - a potion of brilliance {unknown}


   Skills:
 + Level 2.7 Fighting
 + Level 3.8 Short Blades
 + Level 0.3 Polearms
 + Level 2.1 Throwing
 + Level 1.9 Dodging
 + Level 9.1 Stealth


You had 5 spell levels left.
You didn't know any spells.
Your spell library contained the following spells:

 Spells                   Type           Power      Damage    Failure   Level
 Inner Flame              Hex/Fire       0%         N/A       67%         3
 Ozocubu's Armour         Ice            0%         N/A       67%         3
 Metabolic Englaciation   Hex/Ice        0%         N/A       100%        5
 Yara's Violent Unravell  Hex/Tmut       0%         3d3       100%        5
 Simulacrum               Ice/Necr       0%         N/A       100%        6
 Enfeeble                 Hex            0%         N/A       100%        7


Dungeon Overview and Level Annotations

Branches:
Dungeon (4/15)              Sewer (visited)
 Temple: D:4-7

Altars:
Hepliaklqana
Kikubaaqudgha
Trog


Innate Abilities, Weirdness & Mutations

You cannot wear most types of armour.
You are amphibious.
You can wear up to eight rings at the same time.
Your skin changes colour to match your surroundings (Stealth+).
Your rubbery body absorbs attacks. (AC +1, EV +1)
((You are camouflaged when in or above water. (Stealth+)))
You have tentacles for arms and can constrict up to eight enemies at once.


Message History

The helpless hound fails to defend itself.
You perforate the hound like a sieve!!!
You kill the hound!
A jelly comes into view.
The +3 spear "Ziudun" {freeze, rPois rC+ rN+} glows with a cold blue light!
b - the +3 spear "Ziudun" (weapon)
{freeze, rPois rC+ rN+} You reach to attack!
You barely miss the jelly. You hit the jelly. You freeze the jelly.
The acid corrodes you!
Your tentacles burn!
The jelly is severely wounded.
The jelly barely misses you. The jelly closely misses you.
You hit the jelly. You freeze the jelly.
Your tentacles burn!
The jelly is severely wounded.
The jelly hits you. The acid corrodes you!
You are splashed with acid.
You barely miss the jelly.
The jelly is severely wounded.
The jelly barely misses you.
You barely miss the jelly.
The jelly is severely wounded.
The jelly barely misses you.
You barely miss the jelly.
The jelly is severely wounded.
The jelly closely misses you.
You hit the jelly but do no damage.
Your tentacles burn!
You squeeze the jelly.
The jelly is almost dead.
The jelly hits you. The acid corrodes you!
You are splashed with acid.
You hit the jelly but do no damage. The acid corrodes you!
Your tentacles burn!
The jelly is severely wounded.
The jelly misses you.
You hit the jelly but do no damage.
Your tentacles burn!
The jelly is severely wounded.
The jelly barely misses you.
You hit the jelly but do no damage.
Your tentacles burn!
The jelly is severely wounded.
The jelly hits you.
* * * LOW HITPOINT WARNING * * *
The acid corrodes you!
You are splashed with acid!
* * * LOW HITPOINT WARNING * * *
You hit the jelly but do no damage.
Your tentacles burn!
You die...

### #.. ## #.# ..
#.# .># #J# ####.#
#@# #....###.#.#
#........#.#
#....#####.#
#######....#.....#
...........#.#####
.#########.#.######
.#########..........
.........#..........


You could see a jelly.

Vanquished Creatures
  2 bullfrogs (Sewer)
  A hound (D:6)
  An orc wizard (D:3)
  A sleepcap (D:4)
  Natasha (D:4)
  7 adders
  A worm (D:2)
  13 orcs (D:3)
  5 endoplasms
  8 giant cockroaches
  7 goblins
  A hobgoblin (D:1)
  A kobold (D:2)
  10 quokkas
  8 ball pythons
  4 bats
  9 frilled lizards
  5 rats
85 creatures vanquished.

Notes
Turn   | Place    | Note
-------+----------+-------------------------------------------
     0 | D:1      | jimonade the Octopode Brigand began the quest for the Orb.
     0 | D:1      | Reached XP level 1. HP: 14/14 MP: 1/1
   197 | D:1      | Reached XP level 2. HP: 19/19 MP: 2/2
   329 | D:1      | Reached skill level 6 in Stealth
  1043 | D:2      | Found an ancient bone altar of Kikubaaqudgha.
  1078 | D:2      | Reached XP level 3. HP: 24/24 MP: 3/3
  1593 | D:3      | Found a glowing drain.
  1622 | D:3      | Reached skill level 7 in Stealth
  1623 | Sewer    | Entered a sewer
  1687 | Sewer    | Reached XP level 4. HP: 23/29 MP: 4/4
  1881 | Sewer    | Noticed a bullfrog
  1906 | Sewer    | Reached XP level 5. HP: 10/34 MP: 5/5
  1912 | Sewer    | HP: 1/34 [poisoned by an adder]
  2158 | Sewer    | Reached skill level 8 in Stealth
  2195 | Sewer    | Reached XP level 6. HP: 35/41 MP: 6/6
  2776 | D:3      | Found a bloodstained altar of Trog.
  2789 | D:3      | Identified the +3 spear "Ziudun" {freeze, rPois rC+ rN+}
  3447 | D:4      | Noticed Natasha
  3457 | D:4      | Killed Natasha
  3570 | D:4      | Found a hazy altar of Hepliaklqana.
  3579 | D:4      | Reached skill level 9 in Stealth
  3669 | D:4      | You fall into a shaft and drop 2 floors!
  3711 | D:6      | HP: 1/41 [acid (11)]
  3712 | D:6      | Splashed by a jelly's acid

Illustrated notes

Levels and vault maps discovered:
D:1:      minmay_arrival_floating_metal, layout_basic
D:2:      layout_loops_ring, basic_altar, serial_glass, glass_columns_c,
          glass_columns_a, due_unseen_surprise, nrook_loot_triangle
D:3:      layout_loops_corners, mainiacjoe_overflow_cross_hatched,
          portal_sewer_entry_f, kennysheep_generic_room_12
D:4:      layout_gridville, mainiacjoe_overflow_concentric_impassable,
          serial_shops, nicolae_shop_peninsula, uniq_natasha
D:6:      layout_basic, old_standard_altar, minivault_11

Skill      XL: |  1  2  3  4  5  6 |
---------------+-------------------+-----
Stealth        | 6 7 8 9 |  9.1
Short Blades   | 3 |  3.8
Fighting       | |  2.7
Polearms       | |  0.3
Throwing       | |  2.1
Dodging        | |  1.9

Action                     |  1- 3 |  4- 6 || total
---------------------------+-------+-------++-------
  Melee: Dagger            |    69 |   114 ||   183
         Constrict         |    12 |    26 ||    38
         Tentacles         |     9 |    20 ||    29
         Punch             |     1 |     3 ||     4
         Spear             |       |    26 ||    26
    Use: Scroll            |     3 |       ||     3
   Stab: Sleeping          |     9 |    19 ||    28
         Distracted        |       |     2 ||     2
 Armour: Skin              |     3 |     8 ||    11
  Dodge: Dodged            |    24 |    70 ||    94
